 Dungeon Crawl Stone Soup version 0.20.1-1-g8b1a95d (webtiles) character file.

113 MajesticThrust the Ogre Mage (level 4, -1/39 HPs)
             Began as an Ogre Wizard on Sept 30, 2017.
             Succumbed to Crazy Yiuf's poison
             ... on level 2 of the Dungeon on Oct 7, 2017.
             The game lasted 00:20:59 (3762 turns).

MajesticThrust the Ogre Mage (Ogre Wizard)          Turns: 3762, Time: 00:21:00

Health: -1/39      AC:  3    Str: 11    XL:     4   Next: 96%
Magic:  2/9        EV: 10    Int: 19    God:
Gold:   67         SH:  0    Dex:  8    Spells: 0/10 levels left

rFire    . . .     SeeInvis .   h - +0 whip
rCold    . . .     Gourm    .   (no shield)
rNeg     . . .     Faith    .   a - +0 robe
rPois    .         Spirit   .   b - +0 hat
rElec    .         Reflect  .   (no cloak)
rCorr    .         Harm     .   (gloves unavailable)
MR       +....                  (boots unavailable)
Stlth    +.........             (no amulet)
Regen    0.2/turn               k - ring of protection from magic
MPRegen  0.2/turn               (no ring)

@: lethally poisoned (-1 -> -29), slowed, drained, very slow
A: unfitting armour, tough skin 1
a: no special abilities


You were on level 2 of the Dungeon.
You were hungry.

You visited 1 branch of the dungeon, and saw 2 of its levels.

You collected 67 gold pieces.

Inventory:

Hand Weapons
 h - a +0 whip (weapon)
Armour
 a - a +0 robe (worn)
 b - a +0 hat (worn)
Jewellery
 k - a ring of protection from magic (left hand)
Scrolls
 e - 2 scrolls of teleportation
 f - 2 scrolls of remove curse
 g - a scroll of identify
 j - a scroll of fog {unknown}
 n - a scroll of magic mapping {unknown}
 o - a scroll of fear {unknown}
 r - a scroll of enchant weapon {unknown}
Potions
 m - a potion of agility {unknown}
 p - a potion of invisibility {unknown}
 q - a potion of degeneration {unknown}
 s - a potion of resistance {unknown}
Books
 c - a book of Minor Magic

   Spells                             Type                      Level
   a - Magic Dart                     Conjuration                  1
   b - Blink                          Translocation                2
   c - Call Imp                       Summoning                    2
   d - Slow                           Hexes                        2
   e - Conjure Flame                  Conjuration/Fire             3
   f - Mephitic Cloud                 Conjuration/Poison/Air       3
Comestibles
 d - 3 bread rations
 i - 2 meat rations
 l - 2 chunks of flesh


   Skills:
 * Level 3.0(2.7) Maces & Flails
 + Level 2.6(2.4) Dodging
 - Level 1.4(1.1) Stealth
 - Level 3.6(3.3) Spellcasting
 - Level 1.4(1.2) Conjurations
 + Level 0.3(0.1) Hexes
 - Level 0.8(0.6) Summonings
 - Level 0.8(0.6) Translocations


You couldn't memorise any spells.
You knew the following spells:

 Your Spells              Type           Power        Failure   Level  Hunger
a - Magic Dart            Conj           #...         9%          1    None
b - Blink                 Tloc           N/A          17%         2    ##.....
c - Slow                  Hex            #.......     22%         2    ##.....
d - Mephitic Cloud        Conj/Pois/Air  #.......     36%         3    ###....
e - Call Imp              Summ           #.......     17%         2    ##.....


Dungeon Overview and Level Annotations

Branches:
Dungeon (2/15)

Altars:

Annotations:
D:2 Crazy Yiuf


Innate Abilities, Weirdness & Mutations

You are too large for most types of armour.
You have tough skin. (AC +1)


Message History

Crazy Yiuf draws strength from your wounds!
You hit Crazy Yiuf.
Crazy Yiuf is moderately wounded.
Crazy Yiuf hits you with a quarterstaff of chaos.
* * * LOW HITPOINT WARNING * * *
You feel drained.
You hit Crazy Yiuf but do no damage.
Crazy Yiuf is moderately wounded.
You feel sick. Crazy Yiuf misses you.
You hit Crazy Yiuf.
Crazy Yiuf is heavily wounded.
Crazy Yiuf hits you with a quarterstaff of chaos!
* * * LOW HITPOINT WARNING * * *
You are more poisoned.
Crazy Yiuf misses you.
Casting: Slow
Confirm with . or Enter, or press ? or * to list all spells.
Okay, then.
Unknown command.
You die...

.....#.########...##..#.......##
###.........รท.....##..##..(..##
##################.#(.########
#.# #....#### ..# #.5.....# ###
### ####.......## # #)..###
##...........## #
#...g5####......(......# #
#...##..#.g.@..#)##.##.# # ###
###.#....##(##.####
#########)##.# ### #...##.#
..########### ##...##.#
...(....#...#####....##.#
..)...........##...>(##.#
......#...............#.#
...............######.#.#


You could see Crazy Yiuf and a friendly white imp.

Vanquished Creatures
  Robin (D:2)
  3 adders (D:2)
  5 dart slugs
  A leopard gecko (D:1)
  3 giant cockroaches
  14 goblins (D:2)
  10 hobgoblins
  8 kobolds
  A quokka (D:2)
  5 bats
  7 frilled lizards
  5 rats
63 creatures vanquished.

Notes
Turn   | Place    | Note
-------+----------+-------------------------------------------
     0 | D:1      | MajesticThrust the Ogre Wizard began the quest for the Orb.
     0 | D:1      | Reached XP level 1. HP: 16/16 MP: 5/5
    53 | D:1      | Reached skill level 1 in Conjurations
   286 | D:1      | Reached skill level 1 in Maces & Flails
   286 | D:1      | Reached XP level 2. HP: 12/24 MP: 1/6
   604 | D:1      | Learned a level 2 spell: Blink
   607 | D:1      | Learned a level 2 spell: Slow
  1126 | D:1      | Reached XP level 3. HP: 16/31 MP: 5/8
  2183 | D:2      | Found a faded altar of an unknown god.
  2426 | D:2      | Reached XP level 4. HP: 30/39 MP: 7/9
  2481 | D:2      | Noticed Robin
  3006 | D:2      | Found a runed door.
  3083 | D:2      | Killed Robin
  3514 | D:2      | Learned a level 3 spell: Mephitic Cloud
  3732 | D:2      | Noticed Crazy Yiuf
  3737 | D:2      | Learned a level 2 spell: Call Imp
  3762 | D:2      | Succumbed to Crazy Yiuf's poison

Skill      XL: |  1  2  3  4 |
---------------+-------------+-----
Conjurations   | 1 |  1.4
Maces & Flails | 1 2 3 |  3.0
Dodging        | 2 |  2.6
Stealth        | |  1.4
Spellcasting   | |  3.6
Hexes          | |  0.3
Summonings     | |  0.8
Translocations | |  0.8

Action                   |  1- 3 |  4- 6 || total
-------------------------+-------+-------++-------
Melee: Whip              |   103 |    86 ||   189
       Unarmed           |     1 |       ||     1
 Cast: Magic Dart        |    62 |    27 ||    89
       Slow              |     2 |     7 ||     9
       Call Imp          |       |     3 ||     3
       Blink             |       |     2 ||     2
  Use: Scroll            |     3 |     1 ||     4
  Eat: Chunk             |     5 |     4 ||     9
Armor: Robe              |    20 |    27 ||    47
Dodge: Dodged            |    39 |    35 ||    74
